 Dungeon Crawl Stone Soup version 0.25-a0-41-g6cf4ce537d (webtiles) character file.

Game seed: 5189678086990708508, levelgen mode: deterministic

44 inmateoo the Skirmisher (level 3, -5/40 HPs)
             Began as an Ogre Berserker on Oct 21, 2019.
             Was a Believer of Trog.
             Slain by a goblin
             ... wielding a +0 club
             ... led by Robin
              (7 damage)
             ... on level 2 of the Dungeon.
             The game lasted 00:01:29 (571 turns).

inmateoo the Skirmisher (Ogre Berserker)             Turns: 571, Time: 00:01:30

Health: -5/40      AC:  3    Str: 22    XL:     3   Next: 62%
Magic:  3/3        EV: 10    Int:  8    God:    Trog [**....]
Gold:   95         SH:  0    Dex:  8    Spells: 2/2 levels left

rFire    . . .     SeeInvis .   a - +0 mace
rCold    . . .     Gourm    .   (no shield)
rNeg     . . .     Faith    .   b - +0 animal skin
rPois    .         Spirit   .   (helmet restricted)
rElec    .         Reflect  .   (no cloak)
rCorr    .         Harm     .   (gloves unavailable)
MR       .....                  (boots unavailable)
Stlth    +.........             (no amulet)
HPRegen  0.13/turn              (no ring)
MPRegen  0.08/turn              (no ring)

@: hasted, very quick
A: large, unfitting armour, tough skin 1
a: Berserk, Trog's Hand, Renounce Religion


You were on level 2 of the Dungeon.
You worshipped Trog.
Trog was pleased with you.
You were not hungry.

You visited 1 branch of the dungeon, and saw 2 of its levels.

You collected 95 gold pieces.

Inventory:

Hand Weapons
 a - a +0 mace (weapon)
Missiles
 d - 4 stones (quivered)
Armour
 b - a +0 animal skin (worn)
Wands
 o - a wand of flame (16)
Scrolls
 e - a scroll of fog {unknown}
 g - a scroll of identify {unknown}
 i - a scroll of immolation {unknown}
 j - a scroll of remove curse {unknown}
 l - a scroll of fear {unknown}
 m - a scroll of enchant weapon {unknown}
 r - a scroll of random uselessness {unknown}
Potions
 f - a potion of haste
 h - 2 potions of curing {unknown}
 k - a potion of cancellation {unknown}
 p - a potion of brilliance {unknown}
 q - a potion of agility {unknown}
Comestibles
 c - 2 rations
 n - 3 chunks of flesh


   Skills:
 + Level 4.5 Fighting
 * Level 3.3 Maces & Flails
 * Level 1.0 Throwing
 + Level 3.0 Dodging


You had 2 spell levels left.
You didn't know any spells.
Your spell library was empty.

Dungeon Overview and Level Annotations

Branches:
Dungeon (2/15)

Altars:

Annotations:
D:2 Robin


Innate Abilities, Weirdness & Mutations

You are too large for most types of armour.
You have tough skin. (AC +1)


Message History

You see here a bat corpse.
Robin roars a battlecry!
The goblin goes into a battle-frenzy!
The goblin no longer looks unusually strong.
The hobgoblin no longer looks unusually strong.
Robin says, "Bow before me, strongest of all the hobgoblins!"
Robin throws the goblin at you!
* * * LOW HITPOINT WARNING * * *
The goblin closely misses you.
You barely miss the goblin.
The hobgoblin no longer looks unusually strong.
Robin roars a battlecry!
The goblins go into a battle-frenzy!
The goblin closely misses you. The goblin barely misses you.
The goblin hits you.
* * * LOW HITPOINT WARNING * * *
It was a potion of haste.
You feel yourself speed up.
The goblin no longer looks unusually strong.
The goblin hits you with a +0 club!
You die...

#################.#
..................#
#################.#
#.# ##.# #..# #.##
#g# # #@# #> #g#
#.. #g# #... #g#
##....####
#####g####
..g.gg)gg#
#....g...#
....g.##)#
#.....)..# #....
#.# #........# #...
###)###รท...<...#


You could see Robin, 2 hobgoblins and 3 goblins.

Vanquished Creatures
  A dart slug (D:2)
  A leopard gecko (D:1)
  2 giant cockroaches (D:1)
  7 goblins
  4 hobgoblins
  2 ball pythons (D:1)
  4 bats
  2 frilled lizards (D:2)
  5 kobolds
  15 rats (D:1)
43 creatures vanquished.

Notes
Turn   | Place    | Note
-------+----------+-------------------------------------------
     0 | D:1      | inmateoo the Ogre Berserker began the quest for the Orb.
     0 | D:1      | Reached XP level 1. HP: 24/24 MP: 1/1
    29 | D:1      | Reached XP level 2. HP: 31/32 MP: 2/2
   299 | D:1      | Reached ** piety under Trog
   316 | D:1      | Reached XP level 3. HP: 40/40 MP: 3/3
   495 | D:2      | Reached skill level 1 in Throwing
   536 | D:2      | Noticed Robin
   570 | D:2      | HP: 2/40 [goblin (1)]
   571 | D:2      | Slain by a goblin

Levels and vault maps discovered:
D:1:      erik_arrival_orb_chamber, layout_basic
D:2:      layout_rooms, first_ration, uniq_crazy_yiuf_cottage, uniq_robin

Skill      XL: |  1  2  3 |
---------------+----------+-----
Maces & Flails | 3 |  3.3
Throwing       | 1 |  1.0
Dodging        | 3 |  3.0
Fighting       | |  4.5

Action                   || total
-------------------------++-------
Melee: Mace              ||   103
  Use: Potion            ||     1
Armor: Animal skin       ||    31
Dodge: Dodged            ||    65

Table legend:
 A = Non-vault XP
 B = Vault XP
 C = Vault XP percentage of total XP
 D = Non-vault monster count
 E = Vault monster count
 F = Vault count percentage of total count
                 A         B        C        D         E       F
            +---------+---------+-------+---------+---------+-------
      Total |      40 |      24 |  37.5 |      24 |      19 |  44.2
            +---------+---------+-------+---------+---------+-------
        D:1 |      29 |      12 |  29.3 |      18 |      12 |  40.0
        D:2 |      11 |      12 |  52.2 |       6 |       7 |  53.8
            +---------+---------+-------+---------+---------+-------
